AoeStats
← u2roOck

Arena

510845898Analyzed
4v4 RM · 16h ago on Oct 2, 2026· 32m 33s· 8 players
Game mode
Random Map
Map size
Large (8 player)
Population
200
Speed
Normal
Resources
Standard
Victory
Conquest
Starting age
Dark Age
Ending age
Imperial Age
RankedLock teamsTeams togetherTeam positionsShared explorationLock speedFull tech treeHidden civsTurbo modeCheats
Victory
Defeat
🇵🇪 Huns · Peru
1168
+13
🇧🇴 Japanese · Bolivia
1167
+13
🇲🇽 Celts · Mexico
1121
+15
🇲🇽 Spanish · Mexico
1116
+15
🇹🇷 Japanese · Türkiye
1246
-20
🇹🇷 Khmer · Türkiye
1143
-16
🇹🇷 Malians · Türkiye
1041
-12
🇹🇷 Byzantines · Türkiye
943
-8
DSLG bolbie
11:05 Feudal Age
10:56 Loom
14:32 Castle Age
13:10 Double-Bit Axe
13:08 Horse Collar
u2roOck
8:58 Feudal Age
16:24 Castle Age
15:49 Double-Bit Axe
16:00 Horse Collar
18:21 Bloodlines
21:54 Husbandry
25:16 Padded Archer Armor
26:27 Heavy Plow
26:44 Leather Archer Armor
32:45 Imperial Age
DSLG | GORDA CACHONDA
10:06 Feudal Age
11:35 Loom
14:58 Castle Age
14:49 Double-Bit Axe
31:59 Squires
Unknown
10:12 Feudal Age
14:11 Castle Age
12:45 Double-Bit Axe
13:03 Horse Collar
15:51 Bow Saw
16:12 Heavy Plow
22:41 Wheelbarrow
24:46 Loom
25:19 Hand Cart
24:51 Town Watch
26:07 Town Patrol
29:34 Imperial Age
27:37 Scale Barding Armor
27:42 Forging
27:47 Marauders
28:48 Chain Barding Armor
30:02 Iron Casting
29:46 Husbandry
29:57 Bloodlines
29:37 Elite Tarkan
32:07 Plate Barding Armor
32:33 Blast Furnace
D.M.G.
12:08 Feudal Age
14:55 Castle Age
13:11 Double-Bit Axe
13:10 Horse Collar
24:20 Gold Mining
30:10 Loom
tostostos
10:11 Loom
13:10 Feudal Age
16:57 Castle Age
14:51 Double-Bit Axe
14:47 Horse Collar
16:36 Wheelbarrow
15:48 Town Watch
16:47 Fletching
20:22 Bow Saw
30:55 Bodkin Arrow
31:01 Padded Archer Armor
31:46 Hand Cart
Sarkum
4:15 Loom
10:49 Feudal Age
11:38 Double-Bit Axe
15:00 Wheelbarrow
21:47 Castle Age
20:25 Scale Mail Armor
20:36 Forging
20:17 Fletching
20:14 Horse Collar
20:54 Padded Archer Armor
22:41 Elite Skirmisher
23:39 Squires
27:41 Pikeman
29:31 Man-at-Arms
29:56 Gambesons
HT
10:52 Feudal Age
14:23 Castle Age
14:14 Double-Bit Axe
20:11 Bow Saw
19:51 Horse Collar
23:01 Loom
Connection lost

Rejoining the realm…

Still unreachable

The connection could not be restored.

Session expired

The server has moved on; the page needs a fresh start.